 Dungeon Crawl Stone Soup version 0.27.0-1-g7a089689b8 (webtiles) character file.

Game seed: 12913075137845726391

301 horus123 the Covered (level 6, -2/48 HPs)
             Began as a Human Fighter on Aug 13, 2021.
             Slain by an orc (7 damage)
             ... on level 6 of the Dungeon.
             The game lasted 00:05:08 (2434 turns).

horus123 the Covered (Human Fighter)                Turns: 2434, Time: 00:05:09

Health: -2/48      AC:  8    Str: 19    XL:     6   Next: 64%
Magic:  6/6        EV:  6    Int:  8    God:
Gold:   50         SH: 14    Dex: 12    Spells: 5/5 levels left

rFire    . . .     SeeInvis .   a - +1 long sword
rCold    . . .     Faith    .   j - +0 tower shield
rNeg     . . .     Spirit   .   b - +0 scale mail
rPois    .         Reflect  .   (no helmet)
rElec    .         Harm     .   (no cloak)
rCorr    .         Rampage  .   (no gloves)
Will     .....                  h - +0 pair of boots
Stlth    ..........             (no amulet)
HPRegen  0.16/turn              (no ring)
MPRegen  0.10/turn              (no ring)

@: on berserk cooldown, slowed, very slow
A: no striking features
a: no special abilities


You were on level 6 of the Dungeon.
You visited 1 branch of the dungeon, and saw 4 of its levels.

You collected 50 gold pieces.

Inventory:

Hand Weapons
 a - a +1 long sword (weapon)
Armour
 b - a +0 scale mail (worn)
 h - a +0 pair of boots (worn)
 j - a +0 tower shield (worn)
Jewellery
 g - a ring of poison resistance
 m - a ring of flight
Wands
 f - a wand of digging (7)
Potions
 c - a potion of magic {unknown}
 d - a potion of might
 i - a potion of flight {unknown}
 k - a potion of lignification {unknown}
 l - a potion of brilliance {unknown}


   Skills:
 * Level 4.1 Fighting
 + Level 3.5 Long Blades
 + Level 4.4 Armour
 + Level 1.4 Dodging
 + Level 3.9 Shields


You had 5 spell levels left.
You didn't know any spells.
Your spell library contained the following spells:

 Spells                   Type           Power      Damage    Failure   Level
 Beastly Appendage        Tmut           0%         N/A       100%        1
 Wereblood                Tmut           0%         N/A       100%        2
 Spider Form              Tmut/Pois      0%         N/A       100%        3


Dungeon Overview and Level Annotations

Branches:
Dungeon (3/15)

Altars:


Message History

The bullfrog hits you.
You completely miss the jelly.
The jelly is heavily wounded.
You block the jelly's attack. You block the bullfrog's attack.
The orc barely misses you.
You slash the jelly!
You kill the jelly!
You block the bullfrog's attack. The orc hits you but does no damage.
The scorpion stings you. The bullfrog barely misses you.
You riposte.
You slash the bullfrog!
The bullfrog is moderately wounded.
You completely miss the scorpion. The bullfrog barely misses you.
You riposte.
You miss the bullfrog.
The bullfrog is moderately wounded.
The scorpion stings you. You block the orc's attack.
You slash the scorpion!
The scorpion is severely wounded.
You are no longer berserk.
You are exhausted.
You feel yourself slow down. You block the bullfrog's attack.
The scorpion stings you but does no damage.
You block the orc's attack.
The orc hits you with a +2 dagger of protection.
The orc hits you with a +0 mace! The bullfrog hits you.
The scorpion stings you. The orc completely misses you.
You hit the scorpion.
The scorpion is severely wounded.
You block the bullfrog's attack. x2
The orc hits you with a +2 dagger of protection.
* * * LOW HITPOINT WARNING * * *
The orc hits you but does no damage. The scorpion closely misses you.
You riposte.
You hit the scorpion.
The scorpion is almost dead.
The orc hits you with a +0 mace.
* * * LOW HITPOINT WARNING * * *
The orc hits you but does no damage. The bullfrog hits you.
* * * LOW HITPOINT WARNING * * *
The orc hits you but does no damage. The scorpion barely misses you.
The orc hits you with a +0 mace!
You die...

.. ..... ..
.###. #...# #.#
..........#...
..........#.# #
...#..#.....#.#
..............#
#..oo......#
#..o@s...#
......oF.......
..............<
...............
...............
...........$...
..............#
........#.##..#


You could see a bullfrog, a scorpion and 4 orcs.

Vanquished Creatures
  A black bear (D:6)
  A jelly (D:6)
  Natasha (thrice) (D:3)
  An orc wizard (D:3)
  5 adders
  A dart slug (D:1)
  3 orcs (D:3)
  A bat (D:1)
  3 endoplasms
  A giant cockroach (D:1)
  3 goblins
  6 hobgoblins
  2 jackals (D:1)
  2 kobolds (D:1)
  A quokka (D:2)
  2 ball pythons
  A frilled lizard (D:1)
  6 rats
43 creatures vanquished.

Notes
Turn   | Place    | Note
-------+----------+-------------------------------------------
     0 | D:1      | horus123 the Human Fighter began the quest for the Orb.
     0 | D:1      | Reached XP level 1. HP: 18/18 MP: 1/1
    63 | D:1      | Reached XP level 2. HP: 18/24 MP: 2/2
   920 | D:2      | Reached XP level 3. HP: 26/29 MP: 3/3
  1140 | D:2      | Reached XP level 4. HP: 35/35 MP: 4/4
  1563 | D:3      | Reached skill level 1 in Dodging
  1563 | D:3      | Reached XP level 5. HP: 13/42 MP: 5/5
  1784 | D:3      | Noticed Natasha
  1794 | D:3      | Killed Natasha
  1883 | D:3      | Noticed Natasha
  1900 | D:3      | Killed Natasha
  1913 | D:3      | Noticed Natasha
  1926 | D:3      | HP: 1/42 [Natasha/magic dart (8)]
  1928 | D:3      | Killed Natasha
  2265 | D:3      | Found a faded altar of an unknown god.
  2423 | D:3      | You fall into a shaft and drop 3 floors!
  2423 | D:6      | Noticed a black bear
  2424 | D:6      | Noticed a bullfrog
  2428 | D:6      | Killed a black bear
  2429 | D:6      | Reached XP level 6. HP: 48/48 MP: 6/6
  2434 | D:6      | Slain by an orc

Illustrated notes

Levels and vault maps discovered:
D:1:      dpeg_arrival_long_road, layout_loops_ring, minmay_misc_feat_rows,
          minmay_strange_pillars
D:2:      layout_rooms, chequers_serial_rivers_marsh, kennysheep_generic_room_14
D:3:      layout_basic, hellmonk_ecumenical_altar_zigzags, uniq_natasha,
          uniq_jessica
D:6:      hangedman_cross_stitches, layout_basic, zin_academy, uniq_duvessa,
          uniq_grinder

Skill      XL: |  1  2  3  4  5 |
---------------+----------------+-----
Dodging        | 1 |  1.4
Armour         | 4 |  4.4
Long Blades    | 3 |  3.5
Fighting       | 4 |  4.1
Shields        | |  3.9

Action                   |  1- 3 |  4- 6 || total
-------------------------+-------+-------++-------
Melee: Long sword        |    75 |   106 ||   181
  Use: Scroll            |     5 |       ||     5
       Potion            |       |     2 ||     2
Armor: Scale mail        |    34 |    78 ||   112
Dodge: Dodged            |    20 |    38 ||    58
Block: Kite shield       |    26 |       ||    26
       Tower shield      |    33 |   110 ||   143
       Rpst.: Long sword |     8 |    13 ||    21
